 Dungeon Crawl Stone Soup version 0.25.0-1-g7eea58d2a3 (webtiles) character file.

Game seed: 13652883293725791933

826 Gwenloh the Conjurer (level 7, -7/40 HPs)
             Began as a Deep Elf Conjurer on June 14, 2020.
             Was a Follower of Sif Muna.
             Killed by nerve-wracking pain
             ... invoked by an orc priest
              (12 damage)
             ... on level 6 of the Dungeon.
             The game lasted 00:19:00 (6098 turns).

Gwenloh the Conjurer (Deep Elf Conjurer)            Turns: 6098, Time: 00:19:00

Health: -7/40      AC:  4    Str:  5    XL:     7   Next: 64%
Magic:  12/16      EV: 18    Int: 22    God:    Sif Muna [*.....]
Gold:   241        SH:  0    Dex: 15    Spells: 6/16 levels left

rFire    . . .     SeeInvis .   r - +0 quarterstaff
rCold    + . .     Gourm    .   (shield currently unavailable)
rNeg     . . .     Faith    .   a - +0 robe
rPois    .         Spirit   .   (no helmet)
rElec    .         Reflect  .   (no cloak)
rCorr    .         Harm     .   t - +1 pair of gloves
MR       .....                  (no boots)
Stlth    +++.......             (no amulet)
HPRegen  0.13/turn              o - ring of protection from cold
MPRegen  0.15/turn              n - +4 ring of evasion

@: no status effects
A: no striking features
a: Channel Magic, Renounce Religion


You were on level 6 of the Dungeon.
You worshipped Sif Muna.
Sif Muna was aware of your devotion.
You were very hungry.

You visited 1 branch of the dungeon, and saw 7 of its levels.

You collected 241 gold pieces.

Inventory:

Hand Weapons
 b - a +0 dagger
 r - a +0 quarterstaff (weapon)
Armour
 a - a +0 robe (worn)
 t - a +1 pair of gloves (worn)
Jewellery
 j - a +6 ring of strength
 n - a +4 ring of evasion (right hand)
 o - a ring of protection from cold (left hand)
 q - an uncursed ring of flight
Wands
 l - a wand of disintegration (9)
 p - a wand of polymorph (8)
 y - a wand of enslavement (8)
Scrolls
 d - 6 scrolls of identify {unknown}
 f - a scroll of fear {unknown}
 i - a scroll of amnesia {unknown}
 k - 2 scrolls of magic mapping {unknown}
 v - a scroll of vulnerability {unknown}
 w - 3 scrolls of remove curse {unknown}
 x - a scroll of enchant weapon {unknown}
Potions
 e - 2 potions of resistance {unknown}
 g - a potion of ambrosia {unknown}
 h - 3 potions of flight {unknown}
 m - 2 potions of lignification {unknown}
 s - a potion of magic {unknown}
 u - a potion of heal wounds {unknown}
Comestibles
 c - 11 rations


   Skills:
 + Level 2.6 Fighting
 + Level 4.5 Dodging
 + Level 4.8 Stealth
 + Level 5.2 Spellcasting
 * Level 6.7 Conjurations
 + Level 2.8 Invocations


You had 6 spell levels left.
You knew the following spells:

 Your Spells              Type           Power        Failure   Level  Hunger
a - Magic Dart            Conj           ####         1%          1    None
b - Searing Ray           Conj           #####.       1%          2    None
c - Dazzling Flash        Conj/Hex       ###...       8%          3    ##.....
d - Fulminant Prism       Conj/Hex       ###.......   24%         4    ####...

Your spell library contained the following spells:

 Spells                   Type           Power        Failure   Level  Hunger
 Iskenderun's Mystic Bla  Conj/Tloc      ###.....     24%         4    ####...


Dungeon Overview and Level Annotations

Branches:
Dungeon (7/15)
 Temple: D:4-7

Altars:
Sif Muna

Annotations:
D:6 Dowan, Duvessa


Message History

The orc priest looks satisfied for a moment.
There is a stone staircase leading up here.
Casting: Magic Dart (safe; 1% risk of failure)
Confirm with . or Enter, or press ? or * to list all spells.
Aiming: Searing Ray (safe; 1% risk of failure)
Press: ? - help, Shift-Dir - straight line, f - orc warrior
Aim: an orc warrior, wielding a +0 war axe and wearing a +0 plate armour The searing ray hits the orc warrior but does no damage. (Press . to maintain the ray.)
The orc priest calls down the wrath of Beogh upon you.
Beogh smites you!
The searing ray hits the orc warrior!
The orc warrior is moderately wounded.
The searing ray hits the orc warrior but does no damage.
The orc warrior is moderately wounded.
The orc warrior hits you with a +0 war axe!!
* * * LOW HITPOINT WARNING * * *
The orc priest calls down the wrath of Beogh upon you.
Pain shoots through your body!
You die...

#########...#...#..#.
................#.......
.......................#
..........##..###.......
.....#...###..###.....
.....#...............
.....#.....#..###..#. #
.....#.....#.......#.).#
.....#.....#..o.@......#
..####.....#.###o###....
..# #.....#.# #[# # ..#
.. ... ..# .. .... ###
##..# ...# ##.#


You could see an orc warrior and an orc priest.

Vanquished Creatures
  Menkaure (D:4)
  2 ogres
  Blork the orc (D:4)
  A scorpion (D:5)
  A hound (D:5)
  An iguana (D:4)
  An orc wizard (D:6)
  A bullfrog skeleton (D:5)
  Terence (D:2)
  2 worker ants
  4 adders
  11 gnolls
  3 shadow imps (D:5)
  2 oozes
  2 dart slugs
  A leopard gecko (D:1)
  10 orcs
  2 giant cockroaches
  6 goblins
  5 hobgoblins
  2 quokkas (D:3)
  4 bats
  4 frilled lizards
  A jackal skeleton (D:4)
  A jackal zombie (D:5)
  5 kobolds
  A leopard gecko skeleton (D:4)
  A quokka skeleton (D:4)
  8 rats
85 creatures vanquished.

Vanquished Creatures (others)
  2 fulminant prisms (D:4)
2 creatures vanquished.

Grand Total: 87 creatures vanquished

Notes
Turn   | Place    | Note
-------+----------+-------------------------------------------
     0 | D:1      | Gwenloh the Deep Elf Conjurer began the quest for the Orb.
     0 | D:1      | Reached XP level 1. HP: 10/10 MP: 6/6
   508 | D:1      | Reached XP level 2. HP: 15/15 MP: 5/8
   548 | D:1      | Learned a level 2 spell: Searing Ray
   907 | D:2      | Noticed Terence
   933 | D:2      | Killed Terence
   933 | D:2      | Reached XP level 3. HP: 18/20 MP: 0/10
  1098 | D:2      | Learned a level 3 spell: Dazzling Flash
  1373 | D:2      | You fall into a shaft and drop 1 floor!
  1451 | D:3      | Reached skill level 5 in Conjurations
  1863 | D:2      | Reached skill level 1 in Fighting
  1863 | D:2      | Reached XP level 4. HP: 25/25 MP: 5/11
  1915 | D:2      | Learned a level 4 spell: Fulminant Prism
  2049 | D:2      | Found a shimmering blue altar of Sif Muna.
  2057 | D:2      | Became a worshipper of Sif Muna the Loreminder
  2719 | D:3      | You fall into a shaft and drop 3 floors!
  2770 | D:5      | Entered Level 5 of the Dungeon
  2858 | D:5      | Reached XP level 5. HP: 29/29 MP: 7/12
  3011 | D:3      | Reached skill level 1 in Invocations
  3695 | D:4      | Noticed an ogre
  3702 | D:4      | Killed an ogre
  3702 | D:4      | Reached XP level 6. HP: 35/35 MP: 9/14
  3799 | D:4      | Reached * piety under Sif Muna
  3970 | D:4      | Noticed Blork the orc
  3982 | D:4      | Killed Blork the orc
  4084 | D:4      | Reached skill level 6 in Conjurations
  4465 | D:4      | Noticed Menkaure
  4483 | D:4      | Killed Menkaure
  4483 | D:4      | Reached XP level 7. HP: 40/40 MP: 7/16
  4954 | D:5      | Reached skill level 5 in Spellcasting
  5848 | D:6      | Noticed Dowan
  5848 | D:6      | Noticed Duvessa
  6098 | D:6      | Killed from afar by an orc priest

Illustrated notes

Levels and vault maps discovered:
D:1:      ncdulo_watergridlock, layout_loops_ring
D:2:      layout_basic, nicolae_overflow_crystal_walls, first_ration,
          uniq_terence
D:3:      layout_basic, hangedman_decor_growths
D:4:      layout_loops_ring, uniq_blork_the_orc, uniq_menkaure
D:5:      layout_cave_pods
D:6:      layout_basic, uniq_duvessa, uniq_maggie
D:7:      layout_basic, minmay_temple_entry_glassed_door, grunt_livestock,
          grunt_ministairs_9

Skill      XL: |  1  2  3  4  5  6  7 |
---------------+----------------------+-----
Dodging        | 3 4 |  4.5
Stealth        | 3 4 |  4.8
Conjurations   | 5 6 |  6.7
Fighting       | 1 2 |  2.6
Spellcasting   | 4 5 |  5.2
Invocations    | 1 2 |  2.8

Action                   |  1- 3 |  4- 6 |  7- 9 || total
-------------------------+-------+-------+-------++-------
Melee: Dagger            |     4 |     6 |       ||    10
 Cast: Magic Dart        |    39 |   104 |    49 ||   192
       Searing Ray       |     4 |     9 |     5 ||    18
       Fulminant Prism   |       |     2 |       ||     2
       Dazzling Flash    |       |       |     1 ||     1
  Eat: Chunk             |     3 |     7 |     5 ||    15
Armor: Robe              |     4 |       |       ||     4
Dodge: Dodged            |    16 |    17 |     5 ||    38
